 Dungeon Crawl Stone Soup version 0.19.4 (webtiles) character file.

536540 Jerry the Conqueror (level 25, 0/304 HPs)
             Began as an Ogre Hunter on Feb 2, 2017.
             Was an Elder of Makhleb.
             Slain by an ettin (illusionary)
             ... wielding a +0 dire flail
              (16 damage)
             ... on level 2 of the Vaults on Feb 3, 2017.
             The game lasted 06:00:11 (64852 turns).

Jerry the Conqueror (Ogre Hunter)                  Turns: 64852, Time: 06:00:19

Health: 0/304      AC: 33    Str: 32    XL:     25   Next: 83%
Magic:  39/39      EV: 17    Int: 11    God:    Makhleb [****..]
Gold:   3422       SH: 15    Dex: 16    Spells: 10 memorised, 26 levels left

rFire  + + +     SeeInvis +     v - +7 morningstar of Foolhardiness {freeze, +Blink Int+2}
rCold  + + +     Gourm    .     A - +10 pearl dragon scales
rNeg   + + .     Faith    .     U - +2 shield of Resistance {rF+ rC+ MR+}
rPois  +         Spirit   .     X - +2 hat {SInv}
rElec  .         Reflect  .     K - +1 cloak "Zewenuij" {rC+ Dex+6}
rCorr  .         Harm     .     (gloves unavailable)
MR     +++..                    (boots unavailable)
Stlth  +.........               b - amulet of regeneration
                                q - ring "Niquacielub" {rPois rC+ Int-4 Stlth+}
                                h - ring "Liamawn" {rF+++ rN+ Str+6 Dex-3}

@: very slightly contaminated, hasted, very quick
A: unfitting armour, iridescent scales 1, tough skin 1
a: Minor Destruction, Lesser Servant of Makhleb, Major Destruction, Renounce
Religion, Evoke Blink
}: 3/15 runes: decaying, serpentine, slimy


You were on level 2 of the Vaults.
You worshipped Makhleb.
Makhleb was greatly pleased with you.
You were not hungry.

You visited 10 branches of the dungeon, and saw 47 of its levels.
You visited the Abyss 1 time.
You also visited: Labyrinth, Trove, Bailey and Ice Cave.

You collected 24937 gold pieces.
You spent 4352 gold pieces at shops.
You paid 17163 gold pieces to Gozag.

Inventory:

Hand Weapons
 v - the +7 morningstar of Foolhardiness (weapon) {freeze, +Blink Int+2}
   (You found it on level 8 of the Dungeon)

   It has been specially enchanted to freeze those struck by it, causing extra
   injury to most foes and up to half again as much damage against particularly
   susceptible opponents.
   It can also slow down cold-blooded creatures.
   It affects your intelligence (+2).
   It lets you blink.
 P - a +7 giant spiked club of freezing
Missiles
 l - 85 large rocks (quivered)
Armour
 x - the +5 robe of Night {Dark MR+ SInv}
   (You found it in a treasure trove)

   It affects your resistance to hostile enchantments.
   It lets you see invisible.
 A - +10 pearl dragon scales (worn)
 K - the +1 cloak "Zewenuij" (worn) {rC+ Dex+6}
   (You found it on level 4 of the Depths)

   It affects your dexterity (+6).
   It protects you from cold.
 U - the +2 shield of Resistance (worn) {rF+ rC+ MR+}
   (You found it in a treasure trove)

   It protects you from fire.
   It protects you from cold.
   It affects your resistance to hostile enchantments.
 X - a +2 hat of see invisible (worn)
Jewellery
 b - an amulet of regeneration (around neck)
 h - the ring "Liamawn" (left hand) {rF+++ rN+ Str+6 Dex-3}
   (You bought it in a shop on level 15 of the Dungeon)

   [ring of positive energy]

   It affects your strength (+6).
   It affects your dexterity (-3).
   It renders you almost immune to fire.
   It protects you from negative energy.
 q - the ring "Niquacielub" (right hand) {rPois rC+ Int-4 Stlth+}
   (You took it off a frost giant on level 1 of the Depths)

   [ring of protection from cold]

   It affects your intelligence (-4).
   It protects you from cold.
   It protects you from poison.
   It makes you more stealthy.
 F - the ring "Geruelaci" {rCorr Str+3 Slay+3 Stlth+}
   (You bought it in a shop on level 4 of the Lair of Beasts)

   [ring of resist corrosion]

   It affects your strength (+3).
   It affects your accuracy and damage with ranged weapons and melee attacks
   (+3).
   It makes you more stealthy.
Wands
 o - a wand of hasting (5/9)
 r - a wand of digging (8/24)
 Z - a wand of heal wounds (3/9)
Scrolls
 a - 10 scrolls of teleportation
 e - 4 scrolls of fog
 i - 2 scrolls of enchant armour
 t - 3 scrolls of recharging
 y - 22 scrolls of remove curse
 z - a scroll of identify
 B - 2 scrolls of silence
 C - 6 scrolls of blinking
 E - 4 scrolls of immolation
 H - 3 scrolls of fear
 N - 2 scrolls of holy word
 V - a scroll of amnesia
 Y - a scroll of magic mapping
Potions
 d - 10 potions of heal wounds
 g - 4 potions of ambrosia
 j - 9 potions of curing
 k - 6 potions of cancellation
 m - 3 potions of invisibility
 n - 4 potions of might
 s - 2 potions of resistance
 u - 2 potions of agility
 D - 2 potions of brilliance
 I - 5 potions of haste
 J - a potion of cure mutation
 M - 4 potions of berserk rage
 O - 3 potions of flight
Books
 w - a Grand Grimoire

   Spells                             Type                      Level
   a - Monstrous Menagerie            Summoning                    7
   b - Summon Greater Demon           Summoning                    7
   c - Malign Gateway                 Summoning/Translocation      7
   d - Summon Horrible Things         Summoning                    8
Comestibles
 c - 2 bread rations
 f - 25 fruits
 p - 26 meat rations
 L - 2 slices of pizza
 W - a royal jelly


   Skills:
 O Level 27 Fighting
 - Level 24.1 Maces & Flails
 - Level 4.0 Throwing
 - Level 12.3 Armour
 + Level 13.3 Dodging
 - Level 0.6 Stealth
 - Level 10.5 Shields
 - Level 12.0 Spellcasting
 - Level 12.1 Transmutations
 - Level 12.0 Earth Magic
 + Level 7.2 Invocations


You had 26 spell levels left.
You knew the following spells:

 Your Spells              Type           Power        Failure   Level  Hunger
a - Summon Butterflies    Summ           #.......     21%         1    None
b - Statue Form           Tmut/Erth      ####.....    21%         6    ######.
c - Repel Missiles        Chrm/Air       #.....       30%         2    None
d - Swiftness             Chrm/Air       #.......     30%         2    None
e - Animate Skeleton      Necr           N/A          21%         1    None
f - Regeneration          Chrm/Necr      #.........   63%         3    #......
g - Apportation           Tloc           #.........   21%         1    None
h - Sublimation of Blood  Necr           #.........   30%         2    None
i - Beastly Appendage     Tmut           ####..       1%          1    None
j - Spider Form           Tmut/Pois      ###.......   6%          3    #......


Dungeon Overview and Level Annotations

Branches:
Dungeon (15/15)            Temple (1/1) D:4            Lair (6/6) D:9
  Swamp (4/4) Lair:2        Snake (4/4) Lair:4        Slime (5/5) Lair:6
    Orc (2/2) D:10            Elf (3/3) Orc:2        Vaults (2/5) D:14
 Depths (5/5) D:15            Zot (0/5) Depths:5
  Crypt: Vaults:2-3

Altars:
Ashenzari
Cheibriados
Dithmenos
Elyvilon
Fedhas
Gozag
Hepliaklqana
Kikubaaqudgha
Makhleb
Nemelex Xobeh
Okawaru
Qazlal
Ru
Sif Muna
Trog
Uskayaw
Vehumet
Xom
Yredelemnul
Zin
The Shining One
Beogh
Lugonu

Shops:
D:5 }   D:6 }   D:7 [   D:9 [   D:13 [   D:14 [[   D:15 *   Orc:1 *
Orc:2 (![}   Lair:2 [   Lair:4 =   Lair:5 [}   Snake:1 ?}(!   Snake:2 *
Snake:3 }*%?   Snake:4 }==   Depths:1 =   Depths:4 }}::?   Depths:5 !

Portals:
Hell: Depths:1 Depths:2 Depths:3 Depths:4 Depths:5
Abyss: Depths:4
Pandemonium: Depths:3
Ziggurat: Depths:4

Annotations:
D:4 Pikel


Innate Abilities, Weirdness & Mutations

You are too large for most types of armour.
You have tough skin. (AC +1)
You are partially covered in iridescent scales. (AC +2)


Message History

* * * LOW HITPOINT WARNING * * *
You impale the ettin!! You freeze the ettin.
The ettin is lightly wounded.
The ettin hits you with a dire flail!!
* * * LOW HITPOINT WARNING * * *
You block the ettin's attack.
The frost giant gestures at you while chanting.
The bolt of cold hits you! You resist.
* * * LOW HITPOINT WARNING * * *
Okay, then.
Evoke which item? (* to show all) (? for menu, Esc to quit)
Zapping:
o - a wand of hasting (6/9)
Press: ? - help, Shift-Dir - straight line, f - you You feel yourself speed up.
You are very lightly contaminated with residual magic.
This wand has 5 charges left.
You block the ettin's attack. The ettin misses you.
The ettin hits you with a dire flail!!!
* * * LOW HITPOINT WARNING * * *
The ettin hits you with a dire flail!
You die...

#.##.>.##.#
###....'#.# . #
##+#.#..# ..
###..###############
...
##.'......#......#
....
###......#.....!#
.....
#..##..#..##..#......
#..##..#..##..)......
#.....@#.C....#......
#.....CCRT....# .....
######'#'###### ####
#......+......#
#......#......#
#..##..#..##..# +.
#..#..# .# # ...#...
# ...#...


You could see a frost giant, an ettin (berserk), a rakshasa and a deep troll.

Vanquished Creatures
  the Royal Jelly (Slime:5)
  2 ancient liches
  2 juggernauts (Depths:4)
  Bai Suzhen (Swamp:3)
  Sojobo (Depths:5)
  4 caustic shrikes
  3 golden dragons (Depths:4)
  A bone dragon (Depths:5)
  Jorgrun (Depths:1)
  4 tentacled monstrosities (Depths:4)
  10 liches
  2 titans
  Asterion (Depths:2)
  A deep elf blademaster (Elf:2)
  The ghost of maxonian the Warrior, an adept DrSk of Xom (Elf:1)
  A deep elf master archer (Elf:3)
  24 acid blobs
  A sphinx (Depths:4)
  Agnes (Snake:1)
  A thorn hunter (Swamp:1)
  Kirke (Elf:1)
  5 tengu reavers
  Roxanne (Snake:4)
  A shadow dragon (Depths:5)
  7 nagarajas
  A draconian monk (Depths:5)
  17 azure jellies
  Louise (Swamp:4)
  11 fire giants
  12 deep elf sorcerers
  16 frost giants
  2 iron dragons
  5 vault wardens (Vaults:1)
  A ghoul (Swamp:1)
  Aizul (Snake:4)
  The ghost of Peloso the Peltast, a journeyman MiFi of Okawaru (D:13)
  2 ironheart preservers (Vaults:1)
  6 deep elf elementalists
  3 spriggan defenders
  17 very ugly things
  19 stone giants
  4 vampire knights
  2 deep elf demonologists
  2 green draconians (Depths:5)
  5 deep elf annihilators
  A caustic shrike skeleton (Depths:2)
  A mottled draconian (Depths:5)
  2 yellow draconians (Depths:5)
  A purple draconian (Depths:5)
  3 red draconians
  A white draconian (Depths:5)
  A spark wasp (Depths:4)
  12 ettins
  6 deep elf death magi
  A green death (Depths:3)
  A merfolk impaler (Depths:5)
  A minotaur (Lab)
  2 jiangshi (Depths:1)
  Snorg (Lair:5)
  8 fire dragons
  8 yaktaur captains
  12 ogre magi
  The ghost of reezer the Grappler, a journeyman TrBe of Trog (Orc:2)
  Josephine (Orc:1)
  10 death oozes
  11 great orbs of eyes
  7 deep elf high priests (Elf:3)
  17 ice dragons
  5 rakshasas
  19 naga warriors
  5 spriggan air magi
  7 alligators
  14 hydras
  A vault guard (Vaults:1)
  2 ghost crabs
  A death knight (Vaults:1)
  Erica (D:9)
  7 centaur warriors
  9 anacondas
  A merfolk avatar (Lair:6)
  A queen ant (shapeshifter) (Depths:4)
  A vampire mage (Depths:1)
  4 death yaks (Lair:4)
  9 deep troll shamans
  24 dancing weapons
  Urug (Lair:2)
  12 naga sharpshooters
  6 deep troll earth magi
  4 spriggan berserkers
  11 tengu warriors
  The ghost of mora the Covert, a novice OpAs of Makhleb (D:9)
  6 hell knights
  10 shock serpents
  18 deep elf knights
  Nergalle (Orc:2)
  2 fire crabs (shapeshifter)
  10 skeletal warriors
  7 sea snakes
  4 iron trolls
  An unseen horror (shapeshifter) (Vaults:1)
  2 spriggan druids
  2 shambling mangroves (Swamp:1)
  7 swamp dragons
  5 glowing orange brains
  An unseen horror (D:11)
  4 flayed ghosts
  19 deep trolls
  2 ironbrand convokers (Vaults:1)
  An orange crystal statue (Elf:1)
  13 deep elf archers
  8 naga ritualists
  6 necromancers
  14 wizards
  2 phantasmal warriors (Depths:1)
  2 harpies (shapeshifter)
  5 hill giants
  10 mana vipers
  2 orc knights
  64 deep elf magi
  2 cyclopes
  9 salamanders
  8 shining eyes
  11 orc sorcerers
  An iron dragon zombie (Depths:2)
  A moth of wrath (shapeshifter) (Depths:1)
  2 wolf spiders (Vaults:1)
  5 manticores
  15 elephants
  4 centaur zombies
  34 ugly things
  6 guardian serpents
  32 black mambas
  An eye of devastation (shapeshifter) (Depths:4)
  2 orange demons (D:14)
  17 naga magi
  4 vault sentinels (Vaults:1)
  3 ice statues (IceCv)
  A rust devil (Depths:3)
  A titan simulacrum (Depths:2)
  2 spriggan zombies (Depths:2)
  Psyche (D:8)
  5 eyes of devastation
  26 spiny frogs
  Joseph (D:9)
  A spiny frog (shapeshifter) (Elf:3)
  2 gargoyles (D:13)
  16 komodo dragons
  2 rime drakes (Lair:6)
  4 freezing wraiths (Swamp:4)
  6 kobold demonologists (D:11)
  2 guardian mummies (Depths:2)
  35 yaktaurs
  2 ice devils (D:13)
  A redback zombie (D:15)
  3 tengu conjurers
  2 hellwings (Depths:3)
  5 tyrant leeches
  A wind drake (shapeshifter) (Depths:1)
  5 trolls
  3 meliai (D:13)
  A hornet (shapeshifter) (Depths:2)
  A troll (shapeshifter) (Depths:2)
  5 polar bears
  11 two-headed ogres
  Prince Ribbit (D:7)
  A wind drake (Lair:6)
  24 hornets
  7 bog bodies
  107 slime creatures
  30 blink frogs
  A wolf spider simulacrum (D:15)
  7 hippogriffs
  6 dream sheep
  5 air elementals
  An ettin zombie (Depths:2)
  2 hippogriffs (shapeshifter)
  10 shadows
  3 centaur simulacra (D:13)
  7 wyverns
  2 redbacks (Lab)
  13 spriggans
  9 water elementals
  A steam dragon (D:12)
  7 wraiths
  49 yaks
  A hog (Elf:1)
  2 spriggan skeletons (Depths:2)
  2 fire elementals
  3 golden eyes (Slime:5)
  5 swamp worm simulacra (Swamp:4)
  3 fire bats (Orc:2)
  5 hungry ghosts
  Grum (D:9)
  31 vampire mosquitoes
  A basilisk (Lair:3)
  71 nagas
  5 wargs
  9 insubstantial wisps
  2 mottled dragons (Vaults:1)
  19 swamp worms
  15 water moccasins
  3 soldier ants
  16 hydra simulacra (Swamp:4)
  13 porcupines
  3 floating eyes (Depths:4)
  3 human skeletons
  8 swamp drakes
  A small abomination (Abyss:3)
  A hornet zombie (D:8)
  14 orc warriors
  A meliai simulacrum (D:13)
  A spriggan simulacrum (Depths:2)
  3 sky beasts
  15 ice beasts
  An elephant zombie (Lair:4)
  4 necrophages
  A phantom (D:4)
  A tengu (shapeshifter) (Depths:4)
  6 eyes of draining
  27 ogres
  8 boggarts
  12 wolves
  8 crocodiles
  8 centaurs
  10 big kobolds
  24 bullfrogs
  9 gnoll sergeants
  A glowing shapeshifter simulacrum (Vaults:1)
  4 earth elementals
  A water moccasin zombie (D:5)
  A wyvern skeleton (D:12)
  7 scorpions
  A water moccasin skeleton (D:8)
  4 wights (D:10)
  2 human simulacra (Vaults:1)
  4 howler monkeys
  18 electric eels
  11 crimson imps
  A lava snake (Orc:2)
  3 quasits
  4 bullfrog zombies
  6 jellies
  19 orc priests
  3 centaur skeletons
  12 hounds
  36 orc wizards
  2 bullfrog skeletons
  6 gnoll shamans (Bailey)
  7 iguanas
  11 worker ants
  A crocodile zombie (Lair:4)
  A hound zombie (D:5)
  2 hound skeletons
  2 worker ant zombies
  19 gnolls
  2 howler monkey skeletons
  17 adders
  2 hound simulacra (D:8)
  2 shadow imps
  3 white imps
  An ufetubus (D:13)
  An ooze (D:1)
  3 swamp drake simulacra (Swamp:4)
  An adder zombie (D:6)
  2 adder skeletons
  2 worms
  2 dart slugs
  An adder simulacrum (D:8)
  4 leopard geckos
  72 orcs
  2 ball pythons
  9 bats
  3 giant cockroaches
  13 goblins
  7 hobgoblins
  13 jackals
  13 kobolds
  2 quokkas
  A leopard gecko zombie (D:6)
  2 quokka skeletons (D:4)
  2 quokka zombies
  12 rats
  3 crawling corpses (Elf:3)
2046 creatures vanquished.

Vanquished Creatures (collateral kills)
  A deep elf sorcerer (Elf:3)
1 creature vanquished.

Vanquished Creatures (others)
  A vampire knight (Depths:4)
  A deep elf knight (Elf:2)
  A spriggan druid (Swamp:4)
  A deep elf archer (Elf:1)
  2 deep elf magi (Elf:1)
  A necromancer (Depths:2)
  A hornet (Swamp:4)
  3 humans (Elf:1)
  5 vampire mosquitoes
  A crawling corpse (Elf:3)
  A demonic plant (D:11)
  5 fungi
  34 plants
  6 withered plants (Swamp:1)
63 creatures vanquished.

Grand Total: 2110 creatures vanquished

Notes
Turn   | Place    | Note
-------+----------+-------------------------------------------
     0 | D:1      | Jerry the Ogre Hunter began the quest for the Orb.
     0 | D:1      | Reached XP level 1. HP: 22/22 MP: 1/1
   250 | D:1      | Reached skill level 3 in Fighting
   255 | D:1      | Reached skill level 1 in Maces & Flails
   289 | D:1      | Reached XP level 2. HP: 29/31 MP: 2/2
   794 | D:2      | Reached XP level 3. HP: 34/39 MP: 3/3
  1224 | D:2      | Reached skill level 4 in Fighting
  1770 | D:2      | Found a hide-covered altar of Uskayaw.
  1831 | D:2      | Reached XP level 4. HP: 43/48 MP: 4/4
  2400 | D:3      | Found a shadowy altar of Dithmenos.
  2401 | D:3      | Found a snail-covered altar of Cheibriados.
  2405 | D:3      | Found an ancient bone altar of Kikubaaqudgha.
  2414 | D:3      | Found an iron altar of Okawaru.
  2735 | D:3      | Found a basalt altar of Yredelemnul.
  2842 | D:3      | Found an opulent altar of Gozag.
  2845 | D:3      | Became a worshipper of Gozag Ym Sagoz the Greedy
  3012 | D:3      | Reached XP level 5. HP: 30/55 MP: 5/5
  3319 | D:3      | Gained mutation: You are robust. (+10% HP) [potion of beneficial mutation]
  3624 | D:4      | Found a sparkling altar of Nemelex Xobeh.
  3637 | D:4      | Reached skill level 5 in Fighting
  3637 | D:4      | Reached skill level 5 in Maces & Flails
  3830 | D:4      | Noticed Pikel
  3830 | D:4      | Noticed a slave
  3830 | D:4      | Noticed a slave
  3831 | D:4      | Noticed a slave
  3831 | D:4      | Noticed a slave
  3998 | D:4      | Found a staircase to the Ecumenical Temple.
  4016 | D:5      | Entered Level 5 of the Dungeon
  4028 | D:5      | Reached XP level 6. HP: 51/72 MP: 6/6
  4409 | D:5      | Found Taax's Gadget Shop.
  4677 | D:5      | Reached skill level 6 in Fighting
  4899 | D:5      | Reached XP level 7. HP: 69/83 MP: 7/7
  6070 | D:5      | Reached skill level 7 in Fighting
  6417 | D:4      | Reached XP level 8. HP: 36/95 MP: 8/8
  7185 | D:6      | Reached skill level 10 in Maces & Flails
  7230 | D:6      | Reached skill level 8 in Fighting
  7960 | D:6      | Found Emnuosue's Gadget Emporium.
  8195 | D:6      | Reached skill level 9 in Fighting
  8195 | D:6      | Reached XP level 9. HP: 100/107 MP: 9/9
  8364 | D:7      | Noticed Prince Ribbit
  8739 | D:7      | Bought a runed robe for 160 gold pieces
  8789 | D:7      | Killed Prince Ribbit
  9713 | D:8      | Got a blackened morningstar
  9727 | D:8      | Reached skill level 10 in Fighting
  9733 | D:8      | Identified the +7 morningstar of Foolhardiness {freeze, +Blink Int+2} (You found it on level 8 of the Dungeon)
  9986 | D:8      | Noticed a two-headed ogre
  9992 | D:8      | Killed a two-headed ogre
 10725 | D:8      | Noticed a two-headed ogre
 10731 | D:8      | Killed a two-headed ogre
 10731 | D:8      | Reached XP level 10. HP: 112/122 MP: 10/10
 11030 | D:8      | Reached skill level 11 in Fighting
 11169 | D:8      | Noticed Psyche
 11175 | D:8      | Killed Psyche
 11627 | D:9      | Noticed Grum
 11629 | D:9      | Noticed Erica
 11635 | D:9      | Noticed mora's ghost (novice OpAs)
 11704 | D:8      | Found a deep blue altar of Sif Muna.
 11704 | D:8      | Found an iron altar of Okawaru.
 11988 | D:9      | Noticed Joseph
 12009 | D:9      | Killed Joseph
 12009 | D:9      | Reached skill level 15 in Maces & Flails
 12009 | D:9      | Reached skill level 1 in Armour
 12175 | D:9      | Killed mora's ghost
 12550 | D:9      | Killed Grum
 12568 | D:9      | Found Oschihuel's Armour Shoppe.
 12614 | D:9      | Found a staircase to the Lair.
 12640 | D:9      | Killed Erica
 12640 | D:9      | Reached XP level 11. HP: 131/131 MP: 11/11
 12778 | D:9      | Identified a scroll of acquirement
 12804 | D:10     | Entered Level 10 of the Dungeon
 12982 | D:10     | Reached skill level 1 in Shields
 13096 | D:10     | Found a staircase to the Orcish Mines.
 13344 | D:10     | Noticed a white ugly thing
 13671 | D:10     | Bought 3 fruits for 45 gold pieces
 13671 | D:10     | Bought a slice of pizza for 15 gold pieces
 13671 | D:10     | Bought a beef jerky for 15 gold pieces
 13671 | D:10     | Bought a meat ration for 50 gold pieces
 13671 | D:10     | Bought a bread ration for 50 gold pieces
 13671 | D:10     | Bought a bread ration for 50 gold pieces
 13671 | D:10     | Bought a bread ration for 50 gold pieces
 13671 | D:10     | Bought a beef jerky for 15 gold pieces
 13671 | D:10     | Bought a meat ration for 50 gold pieces
 13671 | D:10     | Bought a slice of pizza for 15 gold pieces
 13671 | D:10     | Bought a meat ration for 50 gold pieces
 13671 | D:10     | Bought a slice of pizza for 15 gold pieces
 13789 | D:11     | Reached skill level 5 in Armour
 13855 | D:11     | Noticed a sun demon
 14104 | Lair:1   | Entered Level 1 of the Lair of Beasts
 15507 | Lair:2   | Found a staircase to the Swamp.
 15529 | Lair:2   | Noticed Urug
 15546 | Lair:2   | Killed Urug
 15606 | Lair:2   | Reached skill level 5 in Shields
 15662 | Lair:2   | Reached XP level 12. HP: 142/142 MP: 12/12
 15766 | Lair:2   | Noticed an eight-headed hydra
 15779 | Lair:2   | Killed an eight-headed hydra
 17587 | Lair:4   | Noticed a death yak
 17597 | Lair:4   | Noticed a death yak
 17609 | Lair:4   | Noticed a death yak
 17609 | Lair:4   | Killed a death yak
 17612 | Lair:4   | Noticed a death yak
 17616 | Lair:4   | Killed a death yak
 17624 | Lair:4   | Killed a death yak
 17628 | Lair:4   | Killed a death yak
 17628 | Lair:4   | Reached XP level 13. HP: 113/149 MP: 13/13
 18106 | Lair:4   | Found a staircase to the Snake Pit.
 18829 | Lair:4   | Bought the ring "Geruelaci" {rCorr Str+3 Slay+3 Stlth+} for 730 gold pieces
 18848 | Lair:5   | Noticed Snorg
 19005 | Lair:5   | Learned a level 1 spell: Summon Butterflies
 19080 | Lair:5   | Killed Snorg
 19112 | Lair:5   | Found a labyrinth entrance.
 19125 | Lab      | Entered a labyrinth
 19359 | Lab      | Noticed a minotaur
 19368 | Lab      | Killed a minotaur
 19569 | Lair:5   | Learned a level 6 spell: Statue Form
 19798 | Lair:5   | Reached skill level 10 in Armour
 20113 | Lair:6   | Entered Level 6 of the Lair of Beasts
 20454 | Lair:6   | Reached XP level 14. HP: 138/159 MP: 14/14
 20726 | Lair:6   | Reached skill level 10 in Shields
 21678 | Lair:6   | Got a creamy pearl robe
 21979 | Lair:6   | Found a staircase to the Slime Pits.
 22045 | Lair:6   | Identified the +3 robe of Roaq {Regen+ Dex+4} (You found it on level 6 of the Lair of Beasts)
 22088 | Lair:5   | Learned a level 2 spell: Repel Missiles
 22091 | Lair:5   | Learned a level 2 spell: Swiftness
 22123 | Lair:4   | Bought an uncursed ring of see invisible for 225 gold pieces
 22672 | D:11     | Found a corrupted altar of Lugonu.
 22881 | D:11     | Reached skill level 12 in Fighting
 22901 | D:11     | Reached XP level 15. HP: 159/169 MP: 15/15
 24051 | D:13     | Noticed Peloso's ghost (journeyman MiFi)
 24062 | D:13     | Killed Peloso's ghost
 24062 | D:13     | Reached skill level 13 in Fighting
 24283 | D:13     | Found a frozen archway.
 24317 | IceCv    | Entered an ice cave
 24674 | IceCv    | Got a warped jade ring
 24691 | IceCv    | Identified the ring "Aroor" {rN+ Str+5 Int+3} (You found it in an ice cave)
 25660 | D:13     | Bought a transparent shield for 180 gold pieces
 25670 | D:13     | Identified the +3 shield "Panesito" {rElec rN+ MR+ Str-2} (You bought it in a shop on level 13 of the Dungeon)
 25817 | Lair:5   | Bought a +2 cloak of poison resistance for 222 gold pieces
 25880 | Lair:4   | Bought an uncursed amulet of regeneration for 450 gold pieces
 25937 | Swamp:1  | Entered Level 1 of the Swamp
 25951 | Swamp:1  | Noticed a thorn hunter
 25966 | Swamp:1  | Killed a thorn hunter
 26204 | Swamp:1  | Noticed a ghoul
 26208 | Swamp:1  | Reached skill level 14 in Fighting
 26219 | Swamp:1  | Killed a ghoul
 26251 | Swamp:1  | Reached skill level 5 in Dodging
 26405 | Swamp:1  | Reached XP level 16. HP: 189/189 MP: 16/16
 27742 | Swamp:3  | Reached skill level 15 in Fighting
 28512 | Swamp:4  | Entered Level 4 of the Swamp
 28516 | Swamp:4  | Noticed Bai Suzhen
 28545 | Swamp:3  | Killed Bai Suzhen
 29028 | Swamp:4  | Noticed Louise
 29031 | Swamp:4  | Cast into level 3 of the Abyss (Louise)
 29091 | Swamp:4  | Escaped the Abyss
 29113 | Swamp:4  | Killed Louise
 29145 | Swamp:4  | Reached skill level 16 in Fighting
 29328 | Swamp:4  | Reached XP level 17. HP: 154/203 MP: 17/17
 29854 | Swamp:1  | Paralysed by a hornet for 3 turns
 30670 | Swamp:4  | Got a decaying rune of Zot
 30901 | Orc:1    | Entered Level 1 of the Orcish Mines
 31123 | Orc:2    | Entered Level 2 of the Orcish Mines
 31123 | Orc:2    | Found a shimmering altar of Xom.
 31123 | Orc:2    | Found a staircase to the Elven Halls.
 31150 | Orc:2    | Noticed reezer's ghost (journeyman TrBe)
 31171 | Orc:2    | Killed reezer's ghost
 31817 | Orc:2    | Found Midghes's Gadget Shop.
 31862 | Orc:2    | Found Fycyd's Distillery.
 31866 | Orc:2    | Paralysed by an orc sorcerer for 6 turns
 31888 | Orc:2    | Found a radiant altar of Vehumet.
 31938 | Orc:2    | Noticed Nergalle
 31939 | Orc:2    | Found an ancient bone altar of Kikubaaqudgha.
 31942 | Orc:2    | Killed Nergalle
 31990 | Orc:2    | Found a roughly hewn altar of Beogh.
 31994 | Orc:2    | Found Yninuc Quis's Antique Weapon Shop.
 32138 | Orc:2    | Found Buecvah's Antique Armour Shop.
 32185 | Orc:2    | Bought a potion of invisibility for 80 gold pieces
 32185 | Orc:2    | Bought a potion of agility for 40 gold pieces
 32234 | Orc:2    | Bought an iridescent whip for 217 gold pieces
 32454 | Orc:2    | Identified the cursed +1 whip "Alunlour" {slash, rElec Stlth+} (You bought it in a shop on level 2 of the Orcish Mines)
 32678 | D:14     | Reached skill level 17 in Fighting
 32723 | D:14     | Found a gate to the Vaults.
 32915 | D:14     | Found a flagged portal.
 32931 | Bailey   | Entered a bailey
 33096 | Bailey   | Got a scorched long sword
 33839 | D:15     | Entered Level 15 of the Dungeon
 33946 | D:15     | Found a staircase to the Depths.
 34866 | Snake:1  | Entered Level 1 of the Snake Pit
 34866 | Snake:1  | Found Jibrogeq's Antique Weapon Emporium.
 34866 | Snake:1  | Found Vaas's Distillery.
 34867 | Snake:1  | Found Pimaapt's Magic Scroll Emporium.
 34871 | Snake:1  | Found Vepebb's Gadget Emporium.
 34893 | Snake:1  | Bought 2 scrolls of blinking for 210 gold pieces
 34893 | Snake:1  | Bought a scroll of blinking for 105 gold pieces
 35233 | Snake:1  | Noticed Agnes
 35250 | Snake:1  | Killed Agnes
 35250 | Snake:1  | Reached skill level 18 in Fighting
 35525 | Snake:1  | Reached XP level 18. HP: 219/225 MP: 18/18
 36191 | Snake:2  | Found Xazxez's Assorted Antiques.
 36211 | Snake:2  | Bought a scroll labeled CEJUAN MESTAF for 33 gold pieces
 36817 | Snake:3  | Reached skill level 19 in Fighting
 36963 | Snake:3  | Found Fuxkai's Magic Scroll Shop.
 36966 | Snake:3  | Found Limutunagh's Food Shop.
 36966 | Snake:3  | Found Hocheerch's Assorted Antiques.
 36985 | Snake:3  | Bought a scroll of blinking for 135 gold pieces
 36985 | Snake:3  | Bought a scroll of identify for 36 gold pieces
 36986 | Snake:3  | Found Nudyoseg's Gadget Boutique.
 36989 | Snake:3  | Bought a scroll labeled KIYSUJ YNER for 28 gold pieces
 36989 | Snake:3  | Bought a fine mace for 224 gold pieces
 36989 | Snake:3  | Bought a scroll labeled OCSUM HAFAUS for 28 gold pieces
 37000 | Snake:3  | Bought a scroll of identify for 36 gold pieces
 37007 | Snake:3  | Bought a meat ration for 65 gold pieces
 37007 | Snake:3  | Bought a bread ration for 65 gold pieces
 37007 | Snake:3  | Bought a meat ration for 65 gold pieces
 38476 | Snake:4  | Entered Level 4 of the Snake Pit
 38524 | Snake:4  | Noticed Roxanne
 38561 | Snake:4  | Reached skill level 1 in Earth Magic
 38605 | Snake:4  | Reached skill level 1 in Transmutations
 38771 | Snake:4  | Found Afer's Gadget Boutique.
 38772 | Snake:4  | Found Nusedo Othrul's Jewellery Shoppe.
 38772 | Snake:4  | Found Sudghos's Jewellery Shoppe.
 39172 | Snake:4  | Reached skill level 20 in Fighting
 39320 | Snake:4  | Reached XP level 19. HP: 240/240 MP: 19/19
 39365 | Snake:4  | Noticed Aizul
 39380 | Snake:4  | Killed Aizul
 39383 | Snake:4  | Identified the +0 mace of Gyewnis {holy, rN+ Int+3} (You bought it in a shop on level 3 of the Snake Pit)
 40101 | Snake:4  | Got a serpentine rune of Zot
 40248 | Snake:4  | Killed Roxanne
 40492 | Orc:1    | Noticed Josephine
 40500 | Orc:1    | Killed Josephine
 40741 | Orc:1    | Bought a scroll of identify for 34 gold pieces
 40741 | Orc:1    | Bought a scroll of identify for 34 gold pieces
 40940 | Slime:1  | Entered Level 1 of the Pits of Slime
 41298 | Slime:1  | Gained mutation: Potions and wands are less effective at restoring your health. [a shining eye]
 41302 | Lair:6   | Gained mutation: Scrolls take you a little longer to read. [a shining eye]
 41498 | Slime:1  | Reached skill level 5 in Transmutations
 41504 | Slime:1  | Reached skill level 5 in Earth Magic
 41611 | Slime:1  | Gained mutation: Your spells are a little easier to cast, but a little less powerful. [a shining eye]
 41615 | Slime:1  | Gained mutation: Your body sometimes deteriorates upon taking damage. [a shining eye]
 41617 | Slime:1  | Gained mutation: You tend to lose your temper in combat. [a shining eye]
 42004 | Slime:2  | Reached skill level 21 in Fighting
 42281 | Slime:5  | Entered Level 5 of the Pits of Slime
 42315 | Slime:4  | Lost mutation: Scrolls take you a little longer to read. [potion of cure mutation]
 42315 | Slime:4  | Lost mutation: You tend to lose your temper in combat. [potion of cure mutation]
 42315 | Slime:4  | Lost mutation: You are robust. (+10% HP) [potion of cure mutation]
 42315 | Slime:4  | Lost mutation: Your body sometimes deteriorates upon taking damage. [potion of cure mutation]
 42315 | Slime:4  | Lost mutation: Your spells are a little easier to cast, but a little less powerful. [potion of cure mutation]
 42382 | Slime:3  | Gained mutation: You are clumsy. (Dex -2) [a shining eye]
 42834 | Slime:4  | Reached XP level 20. HP: 183/234 MP: 14/20
 43749 | Slime:5  | Noticed the Royal Jelly
 43873 | Slime:5  | Gained mutation: You are partially covered in iridescent scales. (AC +2) [a shining eye]
 43874 | Slime:5  | Gained mutation: You are dopey. (Int -2) [a shining eye]
 43879 | Slime:5  | Gained mutation: You occasionally shout uncontrollably at your foes. [a shining eye]
 43931 | Slime:5  | Killed the Royal Jelly
 43951 | Slime:4  | Reached skill level 22 in Fighting
 44834 | Slime:5  | Identified Kikubaaqudgha's Incunabulum of Unholy Magic
 44963 | Slime:5  | Got a slimy rune of Zot
 44972 | Slime:5  | Got an ebony long sword
 45160 | Lair:4   | Learned a level 1 spell: Animate Skeleton
 45164 | Lair:4   | Learned a level 3 spell: Regeneration
 45171 | Lair:4   | Lost mutation: You are clumsy. (Dex -2) [potion of cure mutation]
 45171 | Lair:4   | Lost mutation: Potions and wands are less effective at restoring your health. [potion of cure mutation]
 45171 | Lair:4   | Lost mutation: You occasionally shout uncontrollably at your foes. [potion of cure mutation]
 45171 | Lair:4   | Lost mutation: You are dopey. (Int -2) [potion of cure mutation]
 45346 | Depths:1 | Entered Level 1 of the Depths
 45382 | Depths:1 | Found a glowing golden altar of the Shining One.
 45563 | D:15     | Bought a scorched platinum ring for 210 gold pieces
 45563 | D:15     | Identified the ring "Liamawn" {rF+++ rN+ Str+6 Dex-3} (You bought it in a shop on level 15 of the Dungeon)
 45607 | Depths:1 | Got a sparkling tin ring
 45642 | Depths:1 | Reached skill level 1 in Spellcasting
 45821 | Depths:1 | Identified the ring "Niquacielub" {rPois rC+ Int-4 Stlth+} (You took it off a frost giant on level 1 of the Depths)
 45866 | Depths:1 | Found Oqyih's Jewellery Boutique.
 45999 | Depths:1 | Reached XP level 21. HP: 197/243 MP: 25/25
 46162 | Depths:1 | Found a gateway to Hell.
 46209 | Depths:1 | Noticed Jorgrun
 46216 | Depths:1 | Killed Jorgrun
 46674 | Depths:2 | Noticed Asterion
 46825 | Depths:2 | Killed Asterion
 46825 | Depths:2 | Reached skill level 5 in Spellcasting
 47736 | Depths:2 | Reached skill level 23 in Fighting
 47937 | Depths:2 | Noticed an ancient lich
 47955 | Depths:2 | Killed an ancient lich
 48754 | Depths:2 | Reached XP level 22. HP: 209/260 MP: 33/33
 48947 | Depths:2 | Found a portal to a secret trove of treasure.
 50654 | Depths:3 | Noticed an ancient lich
 50673 | Depths:3 | Killed an ancient lich
 50673 | Depths:3 | Reached skill level 10 in Transmutations
 50686 | Depths:3 | Reached skill level 10 in Earth Magic
 50793 | Depths:3 | Found a one-way gate leading to the halls of Pandemonium.
 51024 | Depths:3 | Noticed a caustic shrike
 51024 | Depths:3 | Noticed a caustic shrike
 51028 | Depths:3 | Killed a caustic shrike
 51034 | Depths:3 | Killed a caustic shrike
 51035 | Depths:3 | Noticed a caustic shrike
 51039 | Depths:3 | Killed a caustic shrike
 51134 | Depths:3 | Found a bloodstained altar of Trog.
 51163 | Depths:3 | Identified the Catalogue of the Blaze
 51482 | Depths:3 | Learned a level 1 spell: Apportation
 51519 | Depths:3 | Got an ancient robe
 51816 | Depths:3 | Learned a level 2 spell: Sublimation of Blood
 51864 | Depths:4 | Paralysed by a floating eye for 3 turns
 52004 | Depths:4 | Paralysed by a floating eye for 3 turns
 52140 | Depths:4 | Found a gateway to a ziggurat.
 52495 | Depths:4 | Reached skill level 10 in Spellcasting
 52610 | Depths:4 | Found a one-way gate to the infinite horrors of the Abyss.
 52844 | Depths:4 | Noticed a caustic shrike
 52856 | Depths:4 | Killed a caustic shrike
 52856 | Depths:4 | Reached skill level 24 in Fighting
 53205 | Depths:4 | Noticed a juggernaut
 53212 | Depths:4 | Killed a juggernaut
 53212 | Depths:4 | Reached XP level 23. HP: 207/271 MP: 37/37
 53237 | Depths:4 | Noticed a golden dragon
 53257 | Depths:4 | Killed a golden dragon
 53322 | Depths:4 | Noticed a golden dragon
 53351 | Depths:4 | Killed a golden dragon
 53540 | Depths:4 | Paralysed by a floating eye for 3 turns
 53549 | Depths:4 | Noticed a juggernaut
 53552 | Depths:4 | Paralysed by a floating eye for 4 turns
 53559 | Depths:4 | Killed a juggernaut
 53603 | Depths:4 | Paralysed by a floating eye for 3 turns
 54368 | Depths:4 | Found Kecliqud's Gadget Shop.
 54368 | Depths:4 | Found Momofiq's Book Emporium.
 54370 | Depths:4 | Found Gacy's Gadget Emporium.
 54370 | Depths:4 | Found Egoteb's Book Boutique.
 54902 | Depths:4 | Got an encrusted cloak
 54913 | Depths:4 | Identified the +1 cloak "Zewenuij" {rC+ Dex+6} (You found it on level 4 of the Depths)
 55012 | Depths:5 | Entered Level 5 of the Depths
 55084 | Depths:5 | Reached XP level 24. HP: 230/284 MP: 39/39
 55446 | Depths:5 | Reached skill level 25 in Fighting
 55771 | Depths:5 | Noticed Sojobo
 55787 | Depths:5 | Killed Sojobo
 55932 | Depths:5 | Found a gate to the Realm of Zot.
 56192 | Depths:5 | Found Fefomex's Distillery.
 56486 | Depths:4 | Bought a scroll of identify for 38 gold pieces
 56486 | Depths:4 | Bought a scroll of blinking for 142 gold pieces
 56530 | D:15     | Bought a scroll of identify for 84 gold pieces
 56749 | Snake:1  | Bought a scroll of identify for 28 gold pieces
 56749 | Snake:1  | Bought a scroll of identify for 28 gold pieces
 56788 | Lair:5   | Identified the +3 robe "Qeipt" {rPois Int+3 Dex+4} (You found it on level 3 of the Depths)
 57371 | Vaults:1 | Entered Level 1 of the Vaults
 57429 | Vaults:1 | Reached skill level 10 in Dodging
 58465 | Depths:2 | You paid a toll of 16 scrolls of identify to enter a treasure trove
 58466 | Trove    | Entered a treasure trove
 58476 | Trove    | Got a steaming cloak
 58482 | Trove    | Got a crude robe
 58514 | Trove    | Got a smoking robe
 58611 | Trove    | Identified the +2 robe of the Ward {*Slow Int+7} (You found it in a treasure trove)
 58621 | Trove    | Identified the cursed -5 robe of Misfortune {-Cast *Contam *Tele *Drain EV-5 Stlth-- *Curse} (You found it in a treasure trove)
 58639 | Trove    | Identified the -2 cloak of the Sacrificial Victim {rElec MR+ Stlth+} (You found it in a treasure trove)
 59183 | Temple   | Entered the Ecumenical Temple
 59261 | Temple   | Fell from the grace of Gozag
 59261 | Temple   | Became a worshipper of Makhleb the Destroyer
 59426 | Elf:1    | Entered Level 1 of the Elven Halls
 59428 | Elf:1    | Noticed maxonian's ghost (adept DrSk)
 59462 | Elf:1    | Killed maxonian's ghost
 59823 | Elf:1    | Noticed Kirke
 59835 | Elf:1    | Killed Kirke
 59835 | Elf:1    | Reached * piety under Makhleb
 59869 | Elf:1    | Reached skill level 26 in Fighting
 60330 | Elf:1    | Reached XP level 25. HP: 141/299 MP: 39/39
 60918 | Elf:2    | Reached ** piety under Makhleb
 61214 | Elf:2    | Reached skill level 1 in Invocations
 61238 | Elf:2    | Found a huge runed gate.
 61240 | Elf:2    | Found a huge runed gate.
 61243 | Elf:2    | Found a huge runed gate.
 61818 | Elf:2    | Reached *** piety under Makhleb
 62124 | Elf:3    | Entered Level 3 of the Elven Halls
 62127 | Elf:3    | Got a transparent robe
 62128 | Elf:3    | Identified the +2 robe "Kekujah" {rElec rPois} (You found it on level 3 of the Elven Halls)
 63005 | Elf:3    | Reached **** piety under Makhleb
 63126 | Elf:3    | Reached skill level 27 in Fighting
 63269 | Elf:3    | Reached skill level 5 in Invocations
 63305 | Elf:3    | Got a heavily runed steel ring
 63451 | Elf:3    | Identified a +3 rod of shadows (10/10) (You took it off a deep elf high priest on level 3 of the Elven Halls)
 63627 | Elf:3    | Identified Eloasin's Almanac of Hurtful Sinister Arts
 63666 | Elf:3    | Learned a level 1 spell: Beastly Appendage
 63670 | Elf:3    | Learned a level 3 spell: Spider Form
 63688 | Elf:3    | Identified the Papyrus of Doomed Calling
 63832 | Elf:3    | Identified the ring of Hefoso {MP+9 Str+3} (You took it off a deep elf high priest on level 3 of the Elven Halls)
 64036 | Lair:5   | Got a transparent tin ring
 64037 | Lair:5   | Identified the ring of Azoisul {Str+5 Int+3 Dex+2} (You acquired it on level 5 of the Lair of Beasts)
 64852 | Vaults:2 | Slain by an ettin (illusionary)

Skill      XL: |  1  2  3  4  5  6  7  8  9 10 11 12 13 14 15 16 17 18 19 20 21 22 23 24 25 |
---------------+----------------------------------------------------------------------------+-----
Fighting       | 3 4 5 6 7 9 10 11 12 14 16 18 20 21 22 23 24 26 27 | 27.0
Maces & Flails | 1 2 3 4 5 7 9 11 14 16 17 18 19 20 21 23 24 | 24.1
Armour         | 4 6 8 10 12 | 12.3
Shields        | 5 8 9 10 | 10.5
Dodging        | 5 8 11 13 | 13.3
Earth Magic    | 2 5 8 9 10 11 12 | 12.0
Transmutations | 2 6 8 9 10 11 12 | 12.1
Spellcasting   | 3 7 10 12 | 12.0
Invocations    | 7 |  7.2
Throwing       | |  4.0
Stealth        | |  0.6

Action                   |  1- 3 |  4- 6 |  7- 9 | 10-12 | 13-15 | 16-18 | 19-21 | 22-24 | 25-27 || total
-------------------------+-------+-------+-------+-------+-------+-------+-------+-------+-------++-------
Melee: Club              |   160 |    87 |       |       |       |       |       |       |       ||   247
       Flail             |       |   111 |   322 |       |       |       |       |       |       ||   433
       Morningstar       |       |       |    27 |   522 |  1078 |  1628 |  1442 |   218 |   657 ||  5572
       Giant spiked club |       |       |       |       |       |       |    47 |   980 |       ||  1027
Throw: Large rock        |     5 |     9 |    31 |    19 |     4 |     1 |     2 |       |       ||    71
       Throwing net      |     2 |     1 |       |       |       |       |       |       |       ||     3
 Cast: Summon Butterflie |       |       |       |       |     1 |       |       |       |       ||     1
       Statue Form       |       |       |       |       |       |       |       |     4 |       ||     4
       Beastly Appendage |       |       |       |       |       |       |       |       |     1 ||     1
Invok: Call Merchant     |       |       |     1 |     1 |     3 |     3 |     2 |     2 |       ||    12
 Abil: Evoke Flight      |       |       |       |       |     5 |     4 |       |       |       ||     9
Evoke: Wand              |       |       |     1 |     3 |     1 |     5 |     7 |     9 |     1 ||    27
       Rod               |       |       |       |       |       |       |       |       |     2 ||     2
  Use: Potion            |     2 |     3 |       |     1 |     1 |     3 |     4 |     3 |       ||    17
       Scroll            |       |     7 |     5 |    11 |    17 |    11 |    22 |    13 |    10 ||    96
 Stab: Sleeping          |     1 |       |     7 |     1 |       |       |       |     1 |       ||    10
       Held in net/web   |     1 |       |       |       |       |       |       |       |       ||     1
       Distracted        |       |       |       |     2 |     6 |    15 |     3 |    10 |     1 ||    37
  Eat: Chunk             |     2 |     5 |       |       |       |       |       |       |    16 ||    23
       Beef jerky        |       |     1 |     3 |     3 |     2 |     2 |     2 |       |       ||    13
       Fruit             |       |     1 |       |       |     1 |     6 |     6 |     7 |       ||    21
       Bread ration      |       |     1 |     3 |     2 |     5 |     7 |     5 |     4 |       ||    27
       Royal jelly       |       |       |       |     1 |       |     1 |       |       |       ||     2
       Meat ration       |       |       |       |     1 |       |       |       |     3 |       ||     4
       Pizza             |       |       |       |     4 |     3 |     4 |       |     1 |       ||    12
Armor: Robe              |    50 |    47 |    53 |     5 |       |       |       |       |       ||   155
       Pearl dragon scal |       |       |       |   154 |   361 |   574 |   676 |   668 |   223 ||  2656
       Skin              |       |       |       |       |       |       |       |     6 |       ||     6
Dodge: Dodged            |   115 |   104 |   142 |   102 |   194 |   441 |   414 |   426 |   210 ||  2148
Block: Shield            |       |       |       |   139 |   523 |   970 |   784 |   110 |   370 ||  2896
